 Dungeon Crawl Stone Soup version 0.25.0-11-g1f837a76a1 (console) character file.

Game seed: 4815281572602071327

375 bli the Insei (level 6, -4/48 HPs)
             Began as a Draconian Transmuter on June 27, 2020.
             Was an Initiate of Makhleb.
             Slain by a slave (7 damage)
             ... led by Pikel
             ... on level 4 of the Dungeon.
             The game lasted 00:14:08 (3407 turns).

bli the Insei (Draconian Transmuter)                Turns: 3407, Time: 00:14:09

Health: -4/48      AC:  8    Str: 12    XL:     6   Next: 44%
Magic:  5/10       EV: 13    Int: 13    God:    Makhleb [......]
Gold:   97         SH:  0    Dex: 14    Spells: 5/11 levels left

rFire    . . .     SeeInvis .     - Unarmed
rCold    . . .     Gourm    .   (no shield)
rNeg     . . .     Faith    .   (armour unavailable)
rPois    .         Spirit   .   (helmet restricted)
rElec    .         Reflect  .   (no cloak)
rCorr    .         Harm     .   t - +0 pair of gloves
MR       .....                  p - +0 pair of boots
Stlth    +.........             w - amulet of regeneration
HPRegen  0.56/turn              (no ring)
MPRegen  0.12/turn              (no ring)

@: very slightly contaminated
A: unfitting armour, cold-blooded, AC +6
a: Renounce Religion


You were on level 4 of the Dungeon.
You worshipped Makhleb.
Makhleb was noncommittal.
You were not hungry.

You visited 1 branch of the dungeon, and saw 4 of its levels.

You collected 97 gold pieces.

Inventory:

Missiles
 a - 7 arrows
 b - 5 poisoned darts (quivered)
 h - 2 javelins
 j - 194 stones
 y - 7 boomerangs
Armour
 m - a +0 buckler
 p - a +0 pair of boots (worn)
 t - a +0 pair of gloves (worn)
Magical Staves
 x - an uncursed staff of death
Jewellery
 w - an amulet of regeneration (around neck)
Scrolls
 e - 3 scrolls of identify {unknown}
 g - 2 scrolls of remove curse {unknown}
 i - 5 scrolls of teleportation {unknown}
 l - 2 scrolls of enchant weapon {unknown}
 n - a scroll of fear {unknown}
 v - a scroll of magic mapping {unknown}
 z - a scroll of noise {unknown}
Potions
 d - a potion of stabbing {unknown}
 f - a potion of flight {unknown}
 k - a potion of haste {unknown}
 o - 2 potions of degeneration {unknown}
 q - 2 potions of lignification {unknown}
 r - 3 potions of curing {unknown}
 s - 2 potions of mutation {unknown}
Comestibles
 c - 12 rations
 u - 2 chunks of flesh


   Skills:
 + Level 2.2 Fighting
 + Level 2.4 Dodging
 * Level 5.8 Unarmed Combat
 + Level 3.2 Spellcasting
 + Level 2.6 Transmutations


You had 5 spell levels left.
You knew the following spells:

 Your Spells              Type           Power        Failure   Level  Hunger
a - Beastly Appendage     Tmut           #.....       8%          1    #......
b - Sticks to Snakes      Tmut           #.......     12%         2    ##.....
S - Spider Form           Tmut/Pois      #.........   36%         3    ###....

Your spell library contained the following spells:

 Spells                   Type           Power        Failure   Level  Hunger
 Ice Form                 Ice/Tmut       #.......     78%         4    #####..
 Blade Hands              Tmut           #.........   91%         5    ######.


Dungeon Overview and Level Annotations

Branches:
Dungeon (4/15)
 Temple: D:4-7

Altars:
Makhleb

Annotations:
D:4 Pikel


Innate Abilities, Weirdness & Mutations

Your plain brown scales are hard. (AC +6)
You cannot fit into any form of body armour.
You are cold-blooded and may be slowed by cold attacks.


Message History

Pikel burns you.
* * * LOW HITPOINT WARNING * * *
The slave hits you but does no damage.
Okay, then.
Unknown command.
Throwing (i - inventory. (/) - cycle)
b - 6 poisoned darts (quivered)
Press: ? - help, Shift-Dir - straight line, f/p - Pikel
Aim: Pikel, wielding a +2 whip of flaming and wearing a +0 robe (severely wounded, constricted by your ball python)
You throw a poisoned dart. The poisoned dart hits Pikel.
Pikel is severely wounded.
Your horns disappear.
The slave closely misses you.
Your ball python bites Pikel but does no damage.
Your ball python constricts Pikel.
The slave hits you.
* * * LOW HITPOINT WARNING * * *
Pikel hits your ball python with a +2 whip of flaming!
Pikel burns your ball python.
Your ball python dies!
The slave hits you!
You die...

# # #. ####
# # #.# ...
#.# #.. ..
#.#.#
#..###.
'...#
#.....#+#
###
#......#
..# #
#.pp...#
#.#.#
#.@Kp..#
#.# <...#.#
#p##'#.#
#.#
........
.......>#.#
#.#
......#.#
####.#.(#.#
#(# ###.###
#.#..#.#
#.# ......
..#((#.#
#.# ###.###
###.(#.#
#.# # ..
#..#.###.#
#######
..(#.....#
.......
#####.##
#######
#......#


You could see Pikel (unaware) and 4 slaves.

Vanquished Creatures
  A phantom (D:4)
  2 orc wizards
  An iguana (D:4)
  2 worker ants
  Robin (D:4)
  3 adders
  An ooze (D:1)
  2 worms
  4 dart slugs
  2 leopard geckos
  12 orcs
  A ball python (D:4)
  2 giant cockroaches
  11 goblins
  10 hobgoblins
  6 jackals
  4 kobolds
  7 bats
  2 frilled lizards
  5 rats
79 creatures vanquished.

Vanquished Creatures (collateral kills)
  A hound (D:3)
  Terence (D:2)
  An orc (D:3)
  A giant cockroach (D:2)
  3 goblins (D:4)
  A jackal (D:3)
8 creatures vanquished.

Grand Total: 87 creatures vanquished

Notes
Turn   | Place    | Note
-------+----------+-------------------------------------------
     0 | D:1      | bli the Draconian Transmuter began the quest for the Orb.
     0 | D:1      | Reached XP level 1. HP: 16/16 MP: 3/3
   195 | D:1      | Reached XP level 2. HP: 22/23 MP: 3/5
   367 | D:1      | Learned a level 2 spell: Sticks to Snakes
   430 | D:1      | Reached skill level 4 in Unarmed Combat
   466 | D:1      | Reached XP level 3. HP: 27/28 MP: 4/6
   788 | D:2      | Learned a level 3 spell: Spider Form
  1520 | D:2      | Reached XP level 4. HP: 24/36 MP: 1/7
  1766 | D:2      | Noticed Terence
  1783 | D:2      | Killed Terence
  2061 | D:3      | Reached skill level 5 in Unarmed Combat
  2221 | D:3      | Reached XP level 5. HP: 36/41 MP: 2/8
  2333 | D:3      | Found a burning altar of Makhleb.
  2351 | D:3      | Became a worshipper of Makhleb the Destroyer
  3096 | D:4      | Reached XP level 6. HP: 38/48 MP: 6/10
  3138 | D:4      | Noticed Robin
  3180 | D:4      | Killed Robin
  3192 | D:4      | Noticed a slave
  3358 | D:4      | Noticed a slave
  3379 | D:4      | Noticed Pikel
  3382 | D:4      | Noticed a slave
  3383 | D:4      | Noticed a slave
  3407 | D:4      | Slain by a slave

Illustrated notes

Levels and vault maps discovered:
D:1:      nicolae_arrival_washed_ashore, layout_rooms, minmay_tree_intersection
D:2:      layout_basic, minmay_misc_feat_four_crosses, minmay_pentomino_o4,
          uniq_terence
D:3:      layout_rooms, makhleb_blood_cavern_becter, dk_vineyard_2
D:4:      layout_basic, lemuel_doored_altar, minmay_temple_entry_glassed_door,
          nicolae_ru_great_annihilating_truth, uniq_robin, uniq_pikel

Skill      XL: |  1  2  3  4  5  6 |
---------------+-------------------+-----
Unarmed Combat | 4 5 |  5.8
Dodging        | 2 |  2.4
Fighting       | 2 |  2.2
Spellcasting   | 3 |  3.2
Transmutations | |  2.6

Action                   |  1- 3 |  4- 6 || total
-------------------------+-------+-------++-------
Melee: Unarmed           |   118 |   195 ||   313
       Headbutt          |    11 |    16 ||    27
       Tailslap          |    13 |    22 ||    35
       Kick              |     6 |       ||     6
       Punch             |     1 |     6 ||     7
Throw: Dart              |       |    14 ||    14
 Cast: Beastly Appendage |    21 |    25 ||    46
       Sticks to Snakes  |     2 |    18 ||    20
 Stab: Sleeping          |     1 |     1 ||     2
       Distracted        |       |     2 ||     2
  Eat: Chunk             |     2 |     9 ||    11
Armor: Skin              |    51 |    55 ||   106
Dodge: Dodged            |    83 |   119 ||   202
